 Dungeon Crawl Stone Soup version 0.18-a0-1666-g3ea6f2b (webtiles) character file.

2173 syage the Cleaver (level 9, -2/78 HPs)
             Began as a Hill Orc Fighter on Mar 31, 2016.
             Was an Initiate of Beogh.
             Shot with a sling bullet by Joseph (5 damage)
             ... on level 8 of the Dungeon.
             The game lasted 00:20:42 (5566 turns).

syage the Cleaver (Hill Orc Fighter)                Turns: 5566, Time: 00:20:43

Health: -2/78      AC: 14    Str: 22    XL:     9   Next: 32%
Magic:  9/9        EV:  5    Int:  8    God:    Beogh [......]
Gold:   307        SH: 11    Dex: 10    Spells: 0 memorised, 8 levels left

rFire  . . .     SeeInvis .     a - +0 war axe
rCold  . . .     Gourm    .     e - +0 plate armour
rNeg   . . .     Faith    .     c - +0 shield
rPois  .         Spirit   .     (no helmet)
rElec  .         Dismiss  .     C - +0 cloak
rCorr  .         Reflect  .     (no gloves)
SustAt .         Harm     .     (no boots)
MR     .....                    (no amulet)
Stlth  ..........               (no ring)
                                r - ring of stealth

@: not resistant to hostile enchantments, extremely unstealthy
A: no striking features
a: Renounce Religion


You were on level 8 of the Dungeon.
You worshipped Beogh.
Beogh was noncommittal.
You were near starving.

You visited 1 branch of the dungeon, and saw 7 of its levels.

You collected 307 gold pieces.

Inventory:

Hand Weapons
 a - a +0 war axe (weapon)
 y - a cursed -3 scythe
 B - a +3 quarterstaff of chaos
 D - a +1 mace of protection
 E - a +4 dagger
 I - a +3 spear
Armour
 b - a +0 scale mail
 c - a +0 shield (worn)
 e - a +0 plate armour (worn)
 z - a +1 robe of magic resistance
 C - a +0 cloak (worn)
Jewellery
 r - a ring of stealth (left hand)
 H - a +3 amulet of reflection {unknown}
Wands
 q - a wand of slowing (19/48)
 J - a wand of flame (20/48)
Scrolls
 g - 8 scrolls of identify {unknown}
 i - a scroll of fear {unknown}
 k - 4 scrolls of enchant armour {unknown}
 n - 4 scrolls of remove curse {unknown}
 p - 4 scrolls of teleportation {unknown}
 t - a scroll of random uselessness {unknown}
 v - a scroll of magic mapping {unknown}
 A - a scroll of noise {unknown}
 G - 3 scrolls of enchant weapon {unknown}
Potions
 d - 4 potions of might
 h - 2 potions of brilliance {unknown}
 j - a potion of cure mutation {unknown}
 l - 2 potions of berserk rage {unknown}
 m - a potion of heal wounds
 s - a potion of lignification {unknown}
 u - a potion of curing {unknown}
 w - 2 potions of haste {unknown}
 x - a potion of ambrosia {unknown}
Books
 F - a book of Transfigurations

   Spells                             Type                      Level
   a - Irradiate                      Conjuration/Transmutation    5
   b - Statue Form                    Transmutation/Earth          6
   c - Hydra Form                     Transmutation                6
   d - Dragon Form                    Transmutation                7
Comestibles
 f - 3 bread rations
 o - 2 beef jerkies


   Skills:
 + Level 6.6 Fighting
 * Level 10.3 Axes
 + Level 6.7 Armour
 - Level 0.4 Dodging
 + Level 7.2 Shields


You had 8 spell levels left.
You didn't know any spells.

Dungeon Overview and Level Annotations

Branches:
Dungeon (6/15)
 Temple: D:4-7

Altars:
Elyvilon
Fedhas
Vehumet

Shops:
D:5 ?

Annotations:
D:8 Joseph


Message History

* * * LOW HITPOINT WARNING * * *
You hit Joseph but do no damage.
Joseph is almost dead.
Joseph hits you with an uncursed quarterstaff of protection!
* * * LOW HITPOINT WARNING * * *
An orc comes into view. It is wielding a club.
You closely miss Joseph.
Joseph is almost dead.
The orc shouts!
You hear a shout!
Joseph hits you with an uncursed quarterstaff of protection!
* * * LOW HITPOINT WARNING * * *
Joseph unwields an uncursed quarterstaff of protection.
Joseph wields an uncursed hunting sling of freezing.
It is covered in frost.
Joseph shoots a sling bullet.
You block the sling bullet.
The orc throws a stone.
You block the stone.
Things that are here:
a stone; 2 sling bullets The orc throws a stone.
You block the stone.
Joseph shoots a sling bullet.
The sling bullet hits you.
You die...

..## #..# #>.#
#..# # #..# .#
#..# ##.# . #|.##
...
..#######.o†###.#
.........†#@†(@.#
#..#.##.rr#####.#
#......r.l# .#
#.##......# .#
.P.......## ..
.........# ##
..P..P..P.#
P....P....#


P.P.P.P.P.l You could see Joseph and an orc.

Vanquished Creatures
  Prince Ribbit (D:5)
  Grinder (D:5)
  Sigmund (D:4)
  Eustachio (D:4)
  Menkaure (D:4)
  3 ice beasts
  2 ogres (D:4)
  A centaur (D:4)
  The ghost of Yawgmoth the Digger, an amateur GrEE (D:3)
  A gnoll sergeant (D:6)
  A scorpion (D:4)
  A crimson imp (D:5)
  An orc priest (D:6)
  A hound (D:6)
  2 giant frog skeletons
  An iguana (D:8)
  Crazy Yiuf (D:4)
  Natasha (D:2)
  2 orc wizards
  4 worker ants
  Terence (D:3)
  A hound zombie (D:5)
  A worker ant zombie (D:5)
  A gnoll (D:6)
  11 adders
  2 shadow imps
  2 oozes
  An adder zombie (D:6)
  2 worms
  2 dart slugs (D:1)
  4 giant geckos
  22 orcs
  A ball python (D:4)
  8 bats
  6 giant cockroaches
  5 goblins
  14 hobgoblins
  4 jackals (D:2)
  3 kobolds
  3 quokkas
  A giant gecko skeleton (D:4)
  6 giant newts
  8 rats
137 creatures vanquished.

Vanquished Creatures (others)
  An orc priest (D:6)
  An orc wizard (D:6)
  2 gnolls (D:6)
  2 orcs (D:6)
  4 fungi (D:8)
10 creatures vanquished.

Grand Total: 147 creatures vanquished

Notes
Turn   | Place    | Note
--------------------------------------------------------------
     0 | D:1      | syage the Hill Orc Fighter began the quest for the Orb.
     0 | D:1      | Reached XP level 1. HP: 19/19 MP: 1/1
   113 | D:1      | Reached skill level 3 in Axes
   113 | D:1      | Reached XP level 2. HP: 18/27 MP: 2/2
   429 | D:2      | Reached XP level 3. HP: 29/33 MP: 3/3
   770 | D:2      | Found a white marble altar of Elyvilon.
   808 | D:2      | Reached skill level 4 in Axes
   808 | D:2      | Reached XP level 4. HP: 12/40 MP: 4/4
   997 | D:2      | HP: 2/40 [poisoned by an adder]
  1799 | D:3      | Noticed Terence
  1799 | D:3      | Noticed Natasha
  1806 | D:2      | Killed Natasha
  1806 | D:2      | Reached XP level 5. HP: 32/46 MP: 5/5
  1836 | D:3      | Noticed Yawgmoth's ghost (amateur GrEE)
  1867 | D:3      | Killed Yawgmoth's ghost
  1988 | D:3      | Killed Terence
  2001 | D:3      | Reached XP level 6. HP: 45/53 MP: 6/6
  2071 | D:3      | Reached skill level 5 in Axes
  2529 | D:4      | Reached skill level 5 in Shields
  2694 | D:4      | Reached skill level 6 in Axes
  2694 | D:4      | Reached skill level 5 in Armour
  2694 | D:4      | Reached XP level 7. HP: 35/60 MP: 7/7
  2697 | D:4      | Noticed Sigmund
  2717 | D:4      | Killed Sigmund
  2717 | D:4      | Reached skill level 5 in Fighting
  2793 | D:4      | Noticed Crazy Yiuf
  2802 | D:4      | Killed Crazy Yiuf
  3024 | D:4      | Reached skill level 7 in Axes
  3045 | D:4      | Noticed Menkaure
  3049 | D:4      | Killed Menkaure
  3049 | D:4      | Reached XP level 8. HP: 42/69 MP: 8/8
  3060 | D:4      | Found a blossoming altar of Fedhas.
  3323 | D:4      | Noticed Eustachio
  3436 | D:4      | Killed Eustachio
  3436 | D:4      | Reached skill level 8 in Axes
  3466 | D:5      | Entered Level 5 of the Dungeon
  3865 | D:5      | Noticed Prince Ribbit
  4071 | D:5      | Found Tuta's Magic Scroll Shoppe.
  4118 | D:5      | Noticed Grinder
  4132 | D:5      | Paralysed by Grinder for 5 turns
  4152 | D:5      | Paralysed by Grinder for 5 turns
  4159 | D:5      | Paralysed by Grinder for 4 turns
  4187 | D:5      | Paralysed by Grinder for 2 turns
  4196 | D:5      | Paralysed by Grinder for 5 turns
  4201 | D:5      | Killed Grinder
  4201 | D:5      | Reached skill level 9 in Axes
  4490 | D:5      | Killed Prince Ribbit
  4490 | D:5      | Reached XP level 9. HP: 21/75 MP: 9/9
  4708 | D:6      | Became a worshipper of Beogh the Brigand
  4914 | D:6      | Found a radiant altar of Vehumet.
  4930 | D:6      | Reached skill level 10 in Axes
  5503 | D:6      | You fall through a shaft for 2 floors!
  5503 | D:8      | Noticed Joseph
  5564 | D:8      | HP: 3/78 [Joseph/uncursed quarterstaff of protection (9)]
  5566 | D:8      | Shot with a sling bullet by Joseph

Vault maps used:
D:1:      saegor_arrival_simple_c
D:2:      elyvilon_altar_1
D:3:      uniq_terence, uniq_natasha
D:4:      fedhas_bush_and_centaur_altar, uniq_menkaure, uniq_crazy_yiuf_cottage,
          uniq_eustachio, uniq_sigmund
D:5:      serial_shops, nicolae_shop_statue_plus, first_bread, uniq_grinder,
          uniq_prince_ribbit1
D:6:      vehumet_altar_wand_db
D:8:      grunt_lair_entry_orc_guard_hut, grunt_ogre_cave,
          minmay_misc_feat_rows, minmay_misc_feat_room, nemelex_deck,
          uniq_maurice, uniq_joseph

Skill      XL: |  1  2  3  4  5  6  7  8  9 |
---------------+----------------------------+-----
Axes           | 3 4 6 7 9 10 | 10.3
Fighting       | 4 5 6 |  6.6
Shields        | 4 5 6 7 |  7.2
Armour         | 4 5 6 |  6.7
Dodging        | |  0.4

Action                   |  1- 3 |  4- 6 |  7- 9 || total
-------------------------+-------+-------+-------++-------
Melee: War axe           |   128 |   244 |   412 ||   784
Evoke: Wand              |       |       |     1 ||     1
  Use: Potion            |       |       |     1 ||     1
  Eat: Chunk             |       |     7 |     8 ||    15
